 Dungeon Crawl Stone Soup version 0.29-a0-284-gf9362112df (webtiles) character file.

Game seed: 1397167663237911394

58 GigaChad the Ducker (level 3, -5/27 HPs)
             Began as a Vampire Gladiator on Apr 1, 2022.
             Slain by a gnoll
             ... wielding a +0 club
              (7 damage)
             ... on level 3 of the Dungeon.
             The game lasted 00:04:48 (693 turns).

GigaChad the Ducker (Vampire Gladiator)              Turns: 693, Time: 00:04:49

Health: -5/27      AC:  4    Str: 13    XL:     3   Next: 76%
Magic:  3/3        EV: 13    Int: 10    God:
Gold:   91         SH:  0    Dex: 17    Spells: 2/2 levels left

rFire   . . .      SeeInvis +   a - +0 long sword
rCold   . . .      Faith    .   (no shield)
rNeg    . . .      Spirit   .   b - +0 leather armour
rPois   .          Reflect  .   c - +0 helmet
rElec   .          Harm     .   (no cloak)
rCorr   .          Rampage  .   (no gloves)
Will    .....                   (no boots)
Stlth   +.........              (no amulet)
HPRegen 0.29/turn               (no ring)
MPRegen 0.08/turn               (no ring)

@: healing quickly
A: alive, fangs 3, see invisible, vampiric 2
a: Exsanguinate


You were on level 3 of the Dungeon.
You visited 1 branch of the dungeon, and saw 3 of its levels.

You collected 91 gold pieces.

Inventory:

Hand Weapons
 a - a +0 long sword (weapon)
 j - a +0 long sword
 l - a +0 war axe
Missiles
 d - a throwing net (quivered)
Armour
 b - a +0 leather armour (worn)
 c - a +0 helmet (worn)
 g - a +0 helmet
 n - a +0 ring mail
Magical Staves
 h - a staff of fire
Scrolls
 f - 2 scrolls of teleportation
 i - 2 scrolls of identify {unknown}
 k - a scroll of enchant armour {unknown}
Potions
 m - a potion of curing {unknown}


   Skills:
 + Level 2.1 Fighting
 + Level 3.8 Long Blades
 + Level 1.9 Throwing
 + Level 0.4 Armour
 + Level 3.8 Dodging
 + Level 0.5 Stealth


You had 2 spell levels left.
You didn't know any spells.
Your spell library contained the following spells:

 Spells                   Type           Power      Damage    Failure   Level
 Animate Skeleton         Necr           0%         N/A       43%         1
 Apportation              Tloc           0%         N/A       43%         1
 Summon Small Mammal      Summ           0%         N/A       43%         1


Dungeon Overview and Level Annotations

Branches:
Dungeon (3/15)

Altars:


Innate Abilities, Weirdness & Mutations

Your natural rate of healing is accelerated.
You have razor-sharp teeth.
You have supernaturally acute eyesight. (SInv)
You are afflicted with vampirism and can become a bat while bloodless.


Message History

The gnoll is severely wounded.
The gnoll struggles against the net.
You hit the gnoll.
The gnoll is almost dead.
The gnoll struggles against the net.
The gnoll barely misses you.
You hit the gnoll.
You kill the gnoll!
The gnoll hits you but does no damage.
You closely miss the gnoll.
The gnoll hits you from afar with a +0 spear.
The gnoll hits you but does no damage.
The gnoll hits you from afar with a +0 spear.
The gnoll closely misses you.
You closely miss the gnoll. The gnoll hits you with a +0 club.
The gnoll hits you from afar with a +0 spear.
The gnoll barely misses you.
You hit the gnoll.
The gnoll is lightly wounded.
The gnoll hits you from afar with a +0 spear.
* * * LOW HITPOINT WARNING * * *
The gnoll completely misses you. The gnoll misses you.
You slash the gnoll! You bite the gnoll.
You kill the gnoll!
The gnoll closely misses you. The gnoll barely misses you.
The gnoll misses you. The gnoll attacks as you move away!
The gnoll barely misses you.
You slash the gnoll!
The gnoll is severely wounded.
The gnoll closely misses you. x2
You barely miss the gnoll.
The gnoll is severely wounded.
The gnoll hits you from afar with a +0 spear.
* * * LOW HITPOINT WARNING * * *
The gnoll hits you with a +0 club.
* * * LOW HITPOINT WARNING * * *
The gnoll hits you but does no damage.
The gnoll hits you from afar with a +0 spear.
* * * LOW HITPOINT WARNING * * *
The gnoll hits you with a +0 club!
You die...

. ##.##.# #.# . # #.
.....# #.# .. #.
.##.##.#######.#
#..#.
.#.#..........##
.....
.....######...######
#.##..###.#..#
#...........#
#.........#..#
#.##...####.#
(.....)...gg.#
#.###.## ##
......######@#
#.##.#.## #. #####
#.###.#.###.## #.
#......## ##.# #.
####....# #..# #.
#..##.#...# #. ....#
#.#..# #. ####.#
###..# #. #.. ....
#. #### ##..## #.


You could see 2 gnolls.

Vanquished Creatures
  2 gnolls (D:3)
  2 adders
  A worm (D:2)
  2 bats (D:2)
  An endoplasm (D:2)
  4 goblins
  2 hobgoblins (D:2)
  A quokka (D:1)
  2 frilled lizards (D:2)
  4 kobolds
21 creatures vanquished.

Notes
Turn   | Place    | Note
-------+----------+-------------------------------------------
     0 | D:1      | GigaChad the Vampire Gladiator began the quest for the Orb.
     0 | D:1      | Reached XP level 1. HP: 16/16 MP: 1/1
    82 | D:1      | You fall into a shaft and drop 1 floor!
   210 | D:2      | Reached XP level 2. HP: 22/22 MP: 2/2
   432 | D:2      | Gained mutation: You are afflicted with vampirism and can
                  | become a bat while bloodless. [Vampire growth]
   432 | D:2      | Reached XP level 3. HP: 23/27 MP: 3/3
   693 | D:3      | Slain by a gnoll

Illustrated notes

Levels and vault maps discovered:
D:1:      evilmike_arrival_crescent, layout_basic
D:2:      layout_basic, nicolae_ecumenical_oubliette, minmay_octomino_j4
D:3:      layout_loops_ring, serial_shops, nicolae_shop_advertising_works
          [nicolae_subvault_shop_adworks]

Skill      XL: |  1  2 |
---------------+-------+-----
Fighting       | 2 |  2.1
Long Blades    | |  3.8
Throwing       | |  1.9
Armour         | |  0.4
Dodging        | |  3.8
Stealth        | |  0.5

Action                   || total
-------------------------++-------
Melee: Long sword        ||    77
       Bite              ||     6
Throw: Throwing net      ||     3
       Javelin           ||     1
  Use: Scroll            ||     1
 Stab: Held in net/web   ||     1
Armor: Leather armour    ||    38
Dodge: Dodged            ||    77

Table legend: (Time is in decaauts)
 A = Elapsed time spent in this place.
 B = Non-inter-level travel time spent in this place.
 C = Inter-level travel time spent in this place.
 D = Time resting spent in this place.
 E = Time spent auto-exploring this place.
 F = Levels seen in this place.
 G = Mean time per level.
                   A        B        C        D        E       F      G
               +--------+--------+--------+--------+--------+-----+--------+
         Total |    711 |    705 |      6 |      0 |     31 |   3 |  237.0 |
       Dungeon |    711 |    705 |      6 |      0 |     31 |   3 |  237.0 |
               +--------+--------+--------+--------+--------+-----+--------+

Top non-repeatable levels by time:
     D:2: 481 daAuts
     D:3: 145 daAuts
     D:1: 84 daAuts
